 Dungeon Crawl Stone Soup version 0.23.1-37-gaa34b87 (webtiles) character file.

Game seed: 0

10202 myga the Martial Artist (level 11, -8/53 HPs)
             Began as a Vine Stalker Fighter on Mar 19, 2019.
             Was a Follower of Trog.
             Killed from afar by an oklob plant (15 damage)
             ... with a splash of acid
             ... on level 1 of the Lair of Beasts on Mar 21, 2019.
             The game lasted 00:54:58 (8564 turns).

myga the Martial Artist (Vine Stalker Fighter)      Turns: 8564, Time: 00:54:58

Health: -8/53      AC: 10    Str: 26    XL:     11   Next: 58%
Magic:  0/12       EV:  7    Int:  8    God:    Trog [*.....]
Gold:   455        SH: 12    Dex: 18    Spells: 10/10 levels left

rFire    . . .     SeeInvis .     - Unarmed
rCold    . . .     Gourm    .   b - +0 shield
rNeg     . . .     Faith    .   a - +0 plate armour
rPois    .         Spirit   +   (no helmet)
rElec    .         Reflect  .   (no cloak)
rCorr    .         Harm     .   g - +0 pair of gloves
MR       +....                  (no boots)
Stlth    ..........             (no amulet)
HPRegen  0.57/turn              x - +6 ring of strength
MPRegen  0.13/turn              u - +2 ring of strength

@: corroded, flying
A: fangs 3, regeneration 1, magic shield, antimagic bite, no potion heal 3, rot
immunity
a: Berserk, Renounce Religion


You were on level 1 of the Lair of Beasts.
You worshipped Trog.
Trog was aware of your devotion.
You were not hungry.

You visited 3 branches of the dungeon, and saw 10 of its levels.

You collected 455 gold pieces.

Inventory:

Hand Weapons
 H - the +3 hunting sling "Vynag" {freeze, rF++ Int+5}
   (You found it on level 6 of the Dungeon)

   It causes projectiles fired from it to freeze those they strike, causing
   extra injury to most foes and up to half again as much damage against
   particularly susceptible opponents.
   They can also slow down cold-blooded creatures.
   It affects your intelligence (+5).
   It greatly protects you from fire.
Missiles
 f - 177 stones
 p - a throwing net
 v - 9 javelins
 J - a tomahawk of dispersal
 N - 51 sling bullets
 Z - a tomahawk (quivered)
Armour
 a - a +0 plate armour (worn)
 b - a +0 shield (worn)
 g - a +0 pair of gloves (worn)
 C - a +0 chain mail of cold resistance
Magical Staves
 V - an uncursed staff of conjuration {unknown}
Jewellery
 e - an uncursed ring of protection from fire
 u - a +2 ring of strength (right hand)
 w - an uncursed ring of see invisible
 x - a +6 ring of strength (left hand)
 W - an uncursed ring of protection from fire
Wands
 m - a wand of acid (6)
 G - a wand of paralysis (7)
 M - a wand of flame (11)
 O - a wand of digging (3)
 Q - a wand of clouds (7)
 X - a wand of iceblast (8)
Scrolls
 c - a scroll of enchant armour
 h - 4 scrolls of teleportation
 n - 2 scrolls of immolation
 o - 8 scrolls of remove curse
 s - 4 scrolls of enchant weapon
 t - a scroll of random uselessness
 I - 3 scrolls of identify
 R - a scroll of blinking
 T - a scroll of fog
Potions
 i - 4 potions of curing
 j - 2 potions of degeneration
 k - a potion of berserk rage
 l - 2 potions of brilliance
 q - a potion of invisibility
 r - 2 potions of ambrosia {unknown}
 A - a potion of mutation
 D - a potion of flight
 E - a potion of haste
 F - a potion of cancellation {unknown}
Comestibles
 d - 14 rations


   Skills:
 + Level 4.1 Fighting
 + Level 7.4 Throwing
 + Level 6.3 Armour
 + Level 2.2 Dodging
 + Level 1.1 Stealth
 + Level 7.2 Shields
 + Level 11.4 Unarmed Combat
 + Level 0.6 Evocations


You had 10 spell levels left.
You didn't know any spells.
Your spell library contained the following spells:

 Spells                   Type           Power        Failure   Level  Hunger
 Freeze                   Ice            #...         100%        1    ##.....
 Summon Small Mammal      Summ           #...         100%        1    ##.....
 Call Imp                 Summ           #.......     100%        2    ###....
 Throw Frost              Conj/Ice       #.....       100%        2    ###....
 Call Canine Familiar     Summ           #.......     100%        3    ####...
 Ozocubu's Armour         Chrm/Ice       #.......     100%        3    ####...
 Summon Guardian Golem    Hex/Summ       #.......     100%        3    ####...
 Summon Ice Beast         Ice/Summ       #.......     100%        4    #####..
 Summon Lightning Spire   Summ/Air       #.......     100%        4    #####..
 Throw Icicle             Conj/Ice       #.......     100%        4    #####..


Dungeon Overview and Level Annotations

Branches:
Dungeon (8/15)             Temple (1/1) D:7            Lair (1/6) D:8

Altars:
Cheibriados
Elyvilon
Fedhas
Gozag
Hepliaklqana
Makhleb
Qazlal
Ru
Trog
Uskayaw
Wu Jian
Xom
Yredelemnul
Zin
The Shining One

Annotations:
Lair:1 exclusion: 2 oklob plants


Innate Abilities, Weirdness & Mutations

You have razor-sharp teeth.
Your natural rate of healing is unusually fast.
When hurt, damage is shared between your health and your magic reserves.
Your bite disrupts and absorbs the magic of your enemies.
Potions cannot restore your health.
You are immune to rotting.


Message History

Evoke which item? (* to show all) (? for menu, Esc to quit)
Aiming: Dig
Press: ? - help, Shift-Dir - straight line A rock wall.
The rock shatters into small pieces.
Marking area around the oklob plant as unsafe for travelling.
Marking area around the oklob plant as unsafe for travelling.
An oklob plant comes into view.
The oklob plant spits acid at you. The splash of acid hits you!
The acid corrodes you!
You are splashed with acid!
The oklob plant spits acid at you. The splash of acid hits you!
* * * LOW HITPOINT WARNING * * *
You are splashed with acid!
* * * LOW HITPOINT WARNING * * *
You feel very buoyant.
You fly up into the air.
The oklob plant spits acid at you. The splash of acid hits you!
You die...

8..#..##.#...........P#
......#.#.......>....##
......[.#............#
#...8...).P....#.###.#
.#......#.#....P.$P#.#
.#......+......P[..#.##
#..#....###....PP$ #..#
#...##### #....#.###.##
.....## #.....@....#
.....P#####..........#
#..#.................#
#..#..#####..........#
#....###.#.####.#.####
..................#
#######.#.#####...#
##### #...# #..##


You could see 2 oklob plants.

Vanquished Creatures
  Harold (Lair:1)
  Pikel (D:6)
  The ghost of grocchini the Cleaver, a novice FoAK of Lugonu (D:6)
  A black mamba (Lair:1)
  An elephant (D:8)
  2 spiny frogs (Lair:1)
  4 komodo dragons (Lair:1)
  The ghost of EtherCrawl the Grasshopper, an amateur GnWr (D:5)
  Grinder (D:3)
  Prince Ribbit (D:5)
  3 hippogriffs
  6 yaks
  A basilisk (D:8)
  Edmund (D:5)
  Duvessa (D:4)
  4 water moccasins (Lair:1)
  2 porcupines (Lair:1)
  3 ice beasts
  2 slaves (D:6)
  2 orc warriors
  The ghost of teukkam the Shield-Bearer, an amateur MiFi (D:4)
  A black bear (D:7)
  5 ogres
  2 eyes of draining (D:7)
  3 centaurs
  4 crocodiles
  5 big kobolds
  2 bullfrogs
  Dowan (D:4)
  A howler monkey (D:8)
  3 centaur zombies
  3 crimson imps
  2 hounds
  5 orc priests
  Crazy Yiuf (D:6)
  2 bullfrog skeletons
  Terence (D:3)
  2 iguanas
  6 orc wizards
  6 worker ants
  A killer bee zombie (D:7)
  A howler monkey zombie (D:7)
  A worker ant zombie (D:6)
  A howler monkey skeleton (D:6)
  7 adders
  A spectral adder (D:6)
  An ooze (D:1)
  2 adder skeletons
  A worm (D:4)
  A dart slug (D:3)
  3 leopard geckos
  22 orcs
  4 giant cockroaches
  5 goblins
  7 hobgoblins
  18 jackals
  4 quokkas
  A ball python (D:2)
  8 bats
  5 frilled lizards
  A giant cockroach zombie (D:6)
  A jackal skeleton (D:6)
  8 kobolds
  A leopard gecko skeleton (D:4)
  A quokka zombie (D:6)
  5 rats
206 creatures vanquished.

Vanquished Creatures (others)
  A gnoll (D:6)
  A jackal (D:6)
  2 fungi (D:5)
  2 plants (D:5)
6 creatures vanquished.

Grand Total: 212 creatures vanquished

Notes
Turn   | Place    | Note
-------+----------+-------------------------------------------
     0 | D:1      | myga the Vine Stalker Fighter began the quest for the Orb.
     0 | D:1      | Reached XP level 1. HP: 11/11 MP: 2/2
   269 | D:1      | Reached XP level 2. HP: 13/16 MP: 3/3
   650 | D:1      | Reached XP level 3. HP: 18/19 MP: 4/4
  1255 | D:2      | Gained mutation: Your natural rate of healing is unusually
                  | fast. [Vine Stalker growth]
  1255 | D:2      | Reached XP level 4. HP: 23/23 MP: 5/5
  1947 | D:3      | Reached skill level 1 in Throwing
  1998 | D:3      | Noticed Terence
  2009 | D:3      | Killed Terence
  2009 | D:3      | Reached skill level 3 in Unarmed Combat
  2009 | D:3      | Reached XP level 5. HP: 5/28 MP: 1/6
  2163 | D:3      | Noticed Grinder
  2201 | D:3      | Killed Grinder
  2201 | D:3      | Reached skill level 1 in Dodging
  2201 | D:3      | Reached skill level 4 in Unarmed Combat
  2201 | D:3      | Reached XP level 6. HP: 32/32 MP: 7/7
  2205 | D:3      | Found a stormy altar of Qazlal.
  2965 | D:4      | Found a transporter.
  2969 | D:4      | Found a transporter.
  2974 | D:4      | Noticed teukkam's ghost (amateur MiFi)
  3011 | D:4      | Reached XP level 7. HP: 36/36 MP: 8/8
  3280 | D:4      | Noticed Dowan
  3281 | D:4      | Noticed Duvessa
  3292 | D:4      | Killed Duvessa
  3292 | D:4      | Reached skill level 5 in Unarmed Combat
  3306 | D:4      | Killed Dowan
  3329 | D:4      | Found a snail-covered altar of Cheibriados.
  3612 | D:4      | Gained mutation: You have razor-sharp teeth. [Vine Stalker
                  | growth]
  3612 | D:4      | Reached XP level 8. HP: 40/40 MP: 9/9
  3616 | D:4      | Killed teukkam's ghost
  3713 | D:5      | Entered Level 5 of the Dungeon
  3744 | D:5      | Reached skill level 5 in Shields
  3791 | D:5      | Reached skill level 1 in Stealth
  3791 | D:5      | Reached skill level 6 in Unarmed Combat
  3896 | D:5      | Found a runed translucent gate.
  3897 | D:5      | Found a runed translucent gate.
  3897 | D:5      | Noticed EtherCrawl's ghost (amateur GnWr)
  3898 | D:5      | Found a runed translucent gate.
  4129 | D:5      | Noticed Prince Ribbit
  4138 | D:5      | Killed Prince Ribbit
  4138 | D:5      | Reached XP level 9. HP: 26/44 MP: 6/10
  4179 | D:5      | Noticed Edmund
  4199 | D:5      | Killed Edmund
  4481 | D:5      | Reached skill level 7 in Unarmed Combat
  4504 | D:5      | Killed EtherCrawl's ghost
  4581 | D:6      | Found a runed translucent door.
  4582 | D:6      | Noticed Crazy Yiuf
  4710 | D:6      | Found a sacrificial altar of Ru.
  4812 | D:6      | Noticed Pikel
  4937 | D:6      | Killed Pikel
  4937 | D:6      | Reached skill level 5 in Throwing
  4937 | D:6      | Reached skill level 5 in Armour
  4937 | D:6      | Reached skill level 8 in Unarmed Combat
  5064 | D:6      | Got an encrusted hunting sling
  5121 | D:6      | Found a runed translucent gate.
  5121 | D:6      | Found a runed translucent gate.
  5122 | D:6      | Found a runed translucent gate.
  5124 | D:6      | Noticed grocchini's ghost (novice FoAK)
  5399 | D:6      | Reached XP level 10. HP: 49/49 MP: 11/11
  5577 | D:6      | Identified the +3 hunting sling "Vynag" {freeze, rF++
                  | Int+5} (You found it on level 6 of the Dungeon)
  6020 | D:6      | Killed Crazy Yiuf
  6128 | D:6      | Killed grocchini's ghost
  6128 | D:6      | Reached skill level 9 in Unarmed Combat
  6329 | D:7      | Upgraded the game from 0.23.1 to 0.23.1-37-gaa34b87
  6404 | D:7      | Found a staircase to the Ecumenical Temple.
  6440 | Temple   | Entered the Ecumenical Temple
  6509 | Temple   | Became a worshipper of Trog the Wrathful
  6948 | D:7      | Found a bloodstained altar of Trog.
  7450 | D:8      | Noticed an elephant
  7460 | D:8      | Killed an elephant
  7460 | D:8      | Reached skill level 10 in Unarmed Combat
  7510 | D:8      | Found a staircase to the Lair.
  7538 | Lair:1   | Entered Level 1 of the Lair of Beasts
  7665 | Lair:1   | Reached XP level 11. HP: 53/53 MP: 12/12
  7714 | Lair:1   | Reached * piety under Trog
  7756 | Lair:1   | Noticed Harold
  7762 | Lair:1   | Noticed an oklob plant
  7769 | Lair:1   | Killed Harold
  7769 | Lair:1   | Reached skill level 11 in Unarmed Combat
  8563 | Lair:1   | Noticed an oklob plant
  8564 | Lair:1   | Killed from afar by an oklob plant

Skill      XL: |  1  2  3  4  5  6  7  8  9 10 11 |
---------------+----------------------------------+-----
Armour         | 3 4 5 6 |  6.3
Shields        | 3 4 5 6 7 |  7.2
Throwing       | 1 2 3 4 5 6 7 |  7.4
Unarmed Combat | 3 4 5 6 8 10 11 | 11.4
Fighting       | 3 4 |  4.1
Dodging        | 1 2 |  2.2
Stealth        | 1 |  1.1
Evocations     | |  0.6

Action                   |  1- 3 |  4- 6 |  7- 9 | 10-12 || total
-------------------------+-------+-------+-------+-------++-------
Melee: Unarmed           |    91 |   146 |   311 |   206 ||   754
       Bite              |    26 |    48 |   116 |   105 ||   295
 Fire: Hunting sling     |       |       |       |     4 ||     4
Throw: Stone             |    24 |    43 |    27 |    25 ||   119
       Javelin           |       |     7 |    19 |    23 ||    49
       Tomahawk          |       |     3 |    30 |    56 ||    89
       Throwing net      |       |       |     1 |       ||     1
Evoke: Wand              |       |       |       |     5 ||     5
  Use: Scroll            |     3 |     6 |     5 |     6 ||    20
       Potion            |       |     1 |     3 |     4 ||     8
  Eat: Chunk             |     1 |     6 |     8 |    10 ||    25
Armor: Scale mail        |    45 |    26 |       |       ||    71
       Chain mail        |       |    25 |    44 |       ||    69
       Skin              |       |       |     3 |     3 ||     6
       Plate armour      |       |       |    16 |    43 ||    59
Dodge: Dodged            |    27 |    23 |    61 |    34 ||   145
Block: Shield            |    52 |    65 |   104 |    74 ||   295
